 Dungeon Crawl Stone Soup version 0.30-a0-779-g7971cf19c3 (webtiles) character file.

Game seed: 10713820086709762673

136943 dolemite99 the Warrior (level 17, -10/139 HPs)
             Began as a Djinni Conjurer on Feb 17, 2023.
             Was the Champion of Dithmenos.
             Blown up by a sun moth (27 damage)
             ... with a bolt of energy
             ... on level 3 of the Spider Nest.
             The game lasted 01:15:09 (43487 turns).

dolemite99 the Warrior (Djinni Conjurer)           Turns: 43487, Time: 01:15:10

Health: -10/139    AC: 13    Str:  6    XL:     17   Next: 82%
Gold:   544        EV: 20    Int: 33    God:    Dithmenos [******] SH: 16 Dex: 22

rFire   + + .      SeeInvis .    b - +4 hand crossbow (flame)
rCold   x . .      Faith    .    E - +0 kite shield
rNeg    . . .      Spirit   .    V - +2 robe "Ceroclaj" {Will+ Dex+3}
rPois   ∞          Reflect  +    p - +2 helmet
rElec   .          Harm     .    m - +2 cloak
rCorr   .          Rampage  .    z - +2 pair of gloves
Will    ++...                    (boots unavailable)
Stlth   ++++++                   y - amulet of reflection
HPRegen 0.43/turn                x - +6 ring of dexterity
MPRegen 0.00/turn                B - +6 ring of intelligence

@: about to teleport, flying, wreathed by umbra
A: sickness immunity, fire resistance 2, cold vulnerability 1, float, innate
caster, HP casting, extra vitality 1
a: Renounce Religion, Shadow Step, Shadow Form


You were on level 3 of the Spider Nest.
You worshipped Dithmenos.
Dithmenos was exalted by your worship.
You visited 6 branches of the dungeon, and saw 27 of its levels.
You also visited: Sewer, Ossuary and Volcano.

You collected 2269 gold pieces.
You spent 1725 gold pieces at shops.

Inventory:

Hand Weapons
 b - a +4 hand crossbow of flaming (weapon)
Missiles
 R - a throwing net
Armour
 m - a +2 cloak (worn)
 p - a +2 helmet (worn)
 z - a +2 pair of gloves (worn)
 E - a +0 kite shield (worn)
 V - the +2 robe "Ceroclaj" (worn) {Will+ Dex+3}
   (You bought it in a shop on level 10 of the Dungeon)

   Dex:       It affects your dexterity (+3).
   Will:      It increases your willpower.
Magical Staves
 a - a staff of cold
Jewellery
 c - a ring of positive energy
 d - a +4 ring of protection
 e - a ring of protection from cold
 h - a +6 ring of dexterity
 x - a +6 ring of dexterity (left hand)
 y - an amulet of reflection (around neck)
 B - a +6 ring of intelligence (right hand)
 G - a +5 ring of evasion
 S - a ring of resist corrosion
 T - a ring of willpower
 Y - an amulet of faith
 Z - a +4 ring of protection
Wands
 q - a wand of digging (15)
 r - a wand of polymorph (26)
 w - a wand of flame (30)
 M - a wand of charming (21)
 Q - a wand of mindburst (8)
Scrolls
 f - a scroll of magic mapping
 g - 16 scrolls of teleportation
 k - 3 scrolls of silence
 o - 2 scrolls of vulnerability
 s - 3 scrolls of fog
 A - 5 scrolls of blinking
 C - a scroll of enchant armour
 D - 8 scrolls of identify {@r1}
 L - a scroll of poison
 N - a scroll of brand weapon
Potions
 i - 3 potions of brilliance
 j - 6 potions of haste
 l - 7 potions of magic
 n - 4 potions of ambrosia
 t - a potion of berserk rage
 u - 5 potions of curing
 H - 5 potions of lignification
 I - 2 potions of might
 J - 6 potions of attraction
 K - 5 potions of resistance
Miscellaneous
 F - a phial of floods
 U - a lightning rod (4/4)
 W - a condenser vane


   Skills:
 + Level 18.7 Fighting
 - Level 5.0 Ranged Weapons
 - Level 12.6 Dodging
 - Level 5.0 Stealth
 - Level 5.0 Shields
 - Level 16.4 Spellcasting
 - Level 4.4 Invocations
 - Level 4.0 Evocations


You had 2 spell levels left.
You knew the following spells:

 Your Spells              Type           Power      Damage    Failure   Level
a - Summon Mana Viper     Hex/Summ       94%        N/A       1%          5
b - Simulacrum            Ice/Necr       47%        N/A       1%          6
c - Vampiric Draining     Necr           94%        2d12      0%          3
d - Summon Cactus Giant   Summ           47%        N/A       1%          6
e - Iskenderun's Mystic   Conj/Tloc      94%        2d18      1%          4
f - Beastly Appendage     Tmut           100%       N/A       0%          1
g - Fulminant Prism       Conj/Hex       47%        3d21      1%          4
h - Dazzling Flash        Conj/Hex       100%       N/A       0%          3
i - Ice Form              Ice/Tmut       94%        N/A       1%          4
j - Magic Dart            Conj           100%       1d8       0%          1
k - Scorch                Fire           100%       2d10      0%          2
l - Searing Ray           Conj           100%       2d8       0%          2
m - Fireball              Conj/Fire      47%        3d19      1%          5
Your spell library was empty.

Dungeon Overview and Level Annotations

Branches:
Dungeon (15/15)            Temple (0/1) D:7            Lair (5/5) D:9
 Shoals (1/4) Lair:2       Spider (3/4) Lair:2        Slime (1/5) Lair:5
    Orc (2/2) D:10            Elf (0/3) Orc:2        Vaults (0/5) D:13
 Depths (0/4) D:15          Sewer (visited)         Ossuary (visited)
Volcano (visited)

Altars:
Ashenzari
Cheibriados
Dithmenos
Fedhas
Gozag
Hepliaklqana
Makhleb
Trog
Wu Jian
Xom
Yredelemnul
Zin
The Shining One
Lugonu

Shops:
D:5 (   D:8 *[![   D:10 [   Orc:2 ([([

Portals:
Abyss: Lair:5

Annotations:
D:10 1 runed translucent door, Lobster4's ghost, journeyman TrGl
Lair:1 exclusion: downstairs
Lair:2 exclusion: downstairs
Orc:1 1 runed translucent door, Pimp's ghost, journeyman DrVM


Innate Abilities, Weirdness & Mutations

You are immune to sickness and miasma.
You are immune to poison.
Your flesh is very heat resistant. (rF++)
You are vulnerable to cold. (rC-)
You float through the air rather than walking.
You learn spells naturally, not from books.
Your magical power is your life essence.
You have superior vitality. (+4 MHP)


Message History

The bolt hits the sun moth!
You are covered in liquid flames!
The sun moth throws energy at you. The bolt of energy hits you!!
You emit a cloud of dark smoke.
The sun moth throws sticky fire at you.
The sticky flame reflects off an invisible shield around you!
The sticky flame hits the sun moth.
The sun moth resists.
The sun moth is covered in liquid flames!
Fire: b) +4 hand crossbow (flame)
Press: ? - help, Q - select action, (/) - cycle Shift-Dir - straight line, f/p - sun moth
Aim: a sun moth (moderately wounded, covered in liquid flames, 82% to hit)
You shoot a bolt. The bolt closely misses the sun moth.
You are covered in liquid flames!
The sun moth burns! x2; The sun moth bites you!!
* * * LOW HITPOINT WARNING * * *
You emit a cloud of dark smoke.
You are covered in liquid flames.
You are covered in liquid flames!
You block the sun moth's attack.
You feel better.
You are covered in liquid flames!
The sun moth burns!
The sun moth bites you!
* * * LOW HITPOINT WARNING * * *
You emit a cloud of dark smoke.
You block the radroach's attack.
The radroach claws you but does no damage.
As you read the scroll of teleportation, it crumbles to dust.
You feel strangely unstable.
You are covered in liquid flames!
* * * LOW HITPOINT WARNING * * *
The sun moth burns!
The sun moth bites you!
* * * LOW HITPOINT WARNING * * *
You block the radroach's attack. x2; The sun moth closely misses you.
Blink to where?
Press: ? - help, Dir - move target, p - sun moth
As you read the scroll of blinking, it crumbles to dust.
The sun moth burns!
The sun moth stops burning.
The radroach bites you but does no damage.
The radroach closely misses you. The sun moth throws energy at you.
The bolt of energy hits you!!
You die...

.# .## .^
... .# .!
##.#.^ ###§#
.####
#§y§#.....#
##B§#.>...#
####@......#
##
..##...####.
#.##...####
#......
#..§..#
#.§..>##
##.....#
#.†^.#
..†.y§§###


You could see a sun moth and a radroach.

Vanquished Creatures
  Jorgrun (D:15)
  Mlioglotl (Lair:2)
  Agnes (D:14)
  An ironbound preserver (D:13)
  Josephine (D:15)
  A merfolk impaler (Shoals:1)
  4 centaur warriors
  6 two-headed ogres
  2 radroaches
  4 boulder beetles
  3 hydras
  A tengu warrior (D:13)
  A thrashing horror (Lair:5)
  2 death yaks (Lair:3)
  Urug (Lair:5)
  3 orc high priests (Orc:2)
  A deep troll (D:15)
  5 deep elf pyromancers
  An anaconda skeleton (Volcano)
  2 orc knights
  3 orc sorcerers (Orc:2)
  3 wolf spiders
  2 wizards (D:15)
  3 deep elf zephyrmancers (D:13)
  A harpy (Lair:2)
  2 oklob plants
  2 manticores
  6 cyclopes
  10 elephants
  11 ugly things
  4 gargoyles
  A demonic crawler (Spider:1)
  7 black mambas
  8 cane toads
  2 kobold demonologists
  A rime drake (Lair:3)
  An unseen horror (D:10)
  8 komodo dragons
  2 ancient zymes (Lair:5)
  3 merfolk
  3 hornets (Spider:2)
  Prince Ribbit (D:8)
  3 polar bears
  6 tarantellas
  2 trolls
  15 blink frogs
  5 jumping spiders
  4 slime creatures (D:14)
  Sigmund (D:4)
  8 small abominations (Lair:5)
  A ynoxinul (Lair:5)
  A flying skull (Volcano)
  A centaur simulacrum (D:14)
  A spriggan (Lair:5)
  A shadow (D:12)
  An alligator skeleton (Volcano)
  A large abomination (Lair:5)
  5 wraiths
  3 culicivoras
  2 vampires
  25 yaks
  4 wyverns
  4 basilisks
  6 redbacks
  5 vampire mosquitoes
  A chaos spawn (Lair:5)
  A basilisk (shapeshifter) (Lair:5)
  3 steam dragons
  2 wargs (Orc:1)
  4 acid dragons
  11 water moccasins
  Duvessa (D:4)
  A water moccasin (shapeshifter) (D:15)
  3 ice beasts
  A sky beast (D:7)
  13 orc warriors
  4 ogres
  12 wolves
  11 centaurs
  5 kobold brigands
  2 phantoms (D:7)
  3 necrophages
  11 bullfrogs
  2 gnoll sergeants
  A water moccasin zombie (Ossuary)
  3 scorpions
  3 wights (D:6)
  Dowan (D:4)
  5 killer bees
  A spriggan skeleton (Volcano)
  6 howler monkeys
  An electric eel (Lair:2)
  3 hounds
  5 orc priests
  4 jellies
  2 gnoll boudas
  5 iguanas
  15 orc wizards
  6 hell rats
  A hound skeleton (D:4)
  2 mummies (Ossuary)
  Robin (D:2)
  13 adders
  23 gnolls
  2 river rats (Sewer)
  3 white imps
  An ufetubus (D:5)
  5 adder zombies (Ossuary)
  6 worms (Sewer)
  A dart slug (D:9)
  34 orcs
  4 bats
  13 endoplasms
  5 giant cockroaches
  2 gnoll zombies (Ossuary)
  13 goblins
  11 hobgoblins
  4 jackals (D:2)
  5 quokkas
  15 ball pythons
  2 frilled lizards (D:1)
  9 hobgoblin zombies (Ossuary)
  17 kobolds
  3 kobold zombies (Ossuary)
  4 orc zombies (Ossuary)
  12 rats
594 creatures vanquished.

Vanquished Creatures (collateral kills)
  Rupert (Spider:1)
  Asterion (Spider:1)
  Azrael (Spider:1)
  An ettin (D:15)
  3 hydras
  An ogre mage (D:15)
  A catoblepas (D:13)
  A centaur warrior (D:13)
  2 two-headed ogres (D:15)
  3 boulder beetles
  3 death yaks
  A death scarab (Spider:3)
  2 thrashing horrors (Lair:5)
  A tengu warrior (D:15)
  5 pharaoh ants
  A sun moth (Spider:2)
  5 skeletal warriors
  A large abomination (Lair:5)
  A glowing orange brain (shapeshifter) (D:14)
  2 orb spiders (Spider:2)
  A deep troll (D:15)
  A deep elf pyromancer (D:12)
  A lindwurm (Lair:1)
  3 orc knights (Orc:2)
  A deep elf zephyrmancer (D:13)
  6 ugly things
  5 steelbarb worms
  5 wolf spiders
  3 cyclopes (D:15)
  A black mamba (Lair:1)
  9 elephants
  4 smoke demons (Lair:5)
  5 torpor snails
  3 gargoyles (D:12)
  2 cane toads
  5 demonic crawlers
  A rime drake (D:13)
  A kobold demonologist (D:10)
  2 komodo dragons
  A tengu conjurer (D:13)
  A troll (Orc:2)
  A polar bear (Lair:1)
  2 hornets
  9 tarantellas
  9 jumping spiders
  3 blink frogs
  2 flying skulls (Volcano)
  A slime creature (D:14)
  5 culicivoras
  2 wyverns
  2 wraiths (D:15)
  17 yaks
  2 basilisks
  3 fire elementals (Spider:1)
  19 redbacks
  A steam dragon (D:9)
  3 vampire mosquitoes
  An acid dragon (shapeshifter) (D:15)
  A warg (Orc:1)
  2 small abominations (Lair:5)
  5 hell hounds (Spider:1)
  A water moccasin (Lair:2)
  3 orc warriors
  2 centaurs (D:14)
  5 wolves
  3 bullfrogs
  A killer bee (D:9)
  A troll skeleton (Volcano)
  A spriggan skeleton (Volcano)
  3 orc priests (Orc:2)
  2 iguanas (Lair:1)
  3 orc wizards (Orc:2)
  3 gnolls
  6 orcs
  2 kobolds (D:10)
224 creatures vanquished.

Vanquished Creatures (others)
  2 deep elf pyromancers
  A killer bee (D:9)
  An orc wizard (Orc:1)
  A gnoll (D:7)
  35 fulminant prisms
  52 fungi
  112 plants
204 creatures vanquished.

Grand Total: 1022 creatures vanquished

Notes
Turn   | Place    | Note
-------+----------+-------------------------------------------
     0 | D:1      | dolemite99 the Djinni Conjurer began the quest for the Orb.
     0 | D:1      | dolemite99 set off with the following spells memorised:
                  | Magic Dart, Searing Ray, Dazzling Flash, Fulminant Prism,
                  | Iskenderun's Mystic Blast.
     0 | D:1      | Reached XP level 1. HP: 15/15 MP: 0/0
    42 | D:1      | Reached skill level 1 in Fighting
    43 | D:1      | Reached XP level 2. HP: 17/22 MP: 0/0
   292 | D:1      | Found a faded altar of an unknown god.
   296 | D:1      | Prayed at the altar of an unknown god.
   296 | D:1      | Became a worshipper of Dithmenos the Shadowed
   296 | D:1      | Reached * piety under Dithmenos
   359 | D:1      | Reached XP level 3. HP: 23/28 MP: 0/0
   359 | D:1      | Learned a level 1 spell: Beastly Appendage
   362 | D:1      | Reached skill level 2 in Fighting
   686 | D:2      | Reached XP level 4. HP: 31/34 MP: 0/0
   971 | D:2      | Found a glowing silver altar of Zin.
  1011 | D:2      | Noticed Robin
  1038 | D:2      | Reached skill level 3 in Fighting
  1046 | D:2      | Reached ** piety under Dithmenos
  1407 | D:2      | Reached XP level 5. HP: 27/40 MP: 0/0
  1407 | D:2      | Learned a level 2 spell: Scorch
  1543 | D:2      | Killed Robin
  1689 | D:3      | Found a glowing drain.
  1699 | Sewer    | Entered a sewer
  1838 | Sewer    | Noticed a kobold brigand
  1851 | Sewer    | Killed a kobold brigand
  1852 | Sewer    | Reached skill level 4 in Fighting
  1852 | Sewer    | Reached XP level 6. HP: 36/47 MP: 0/0
  2109 | Sewer    | Reached skill level 5 in Fighting
  2507 | Sewer    | Reached XP level 7. HP: 49/54 MP: 0/0
  2507 | Sewer    | Learned a level 3 spell: Vampiric Draining
  2731 | Sewer    | Reached *** piety under Dithmenos
  3772 | D:4      | Noticed Sigmund
  3780 | D:4      | Killed Sigmund
  3781 | D:4      | Reached skill level 5 in Spellcasting
  3811 | D:4      | Noticed Duvessa
  4487 | D:4      | Identified the +0 dagger of Wyrd {heavy, *Slow Fragile
                  | rElec rPois}
  4487 | D:4      | Noticed Dowan
  4724 | D:4      | Reached XP level 8. HP: 36/61 MP: 0/0
  4817 | D:4      | Reached skill level 6 in Fighting
  4862 | D:4      | Killed Duvessa
  4869 | D:4      | Killed Dowan
  4996 | D:4      | Found a shadowy altar of Dithmenos.
  5145 | D:4      | Found a burning altar of Makhleb.
  5305 | D:5      | Entered Level 5 of the Dungeon
  5813 | D:5      | Found Onuwkuro's Weapon Shoppe.
  5908 | D:5      | Reached skill level 7 in Fighting
  5908 | D:5      | Reached XP level 9. HP: 62/68 MP: 0/0
  5908 | D:5      | Learned a level 4 spell: Ice Form
  6784 | D:6      | Reached **** piety under Dithmenos
  7105 | D:6      | Found a sand-covered staircase.
  7113 | Ossuary  | Entered an ossuary
  7820 | D:6      | Reached skill level 8 in Fighting
  8616 | D:7      | Reached XP level 10. HP: 63/77 MP: 0/0
  8629 | D:7      | Reached skill level 9 in Fighting
  9008 | D:7      | Found a bloodstained altar of Trog.
  9008 | D:7      | Found a hazy altar of Hepliaklqana.
  9008 | D:7      | Found an ornate altar of the Wu Jian Council.
  9145 | D:7      | Found an opulent altar of Gozag.
  9146 | D:7      | Found a shimmering altar of Xom.
  9147 | D:7      | Found a broken altar of Ashenzari.
  9148 | D:7      | Found a blossoming altar of Fedhas.
  9148 | D:7      | Found a glowing golden altar of the Shining One.
  9275 | D:7      | Reached ***** piety under Dithmenos
  9573 | D:7      | Found a staircase to the Ecumenical Temple.
  9846 | D:8      | Found Dariho's Antique Armour Shop.
  9847 | D:8      | Noticed Prince Ribbit
  9852 | D:8      | Killed Prince Ribbit
  9881 | D:8      | Reached skill level 5 in Dodging
  9930 | D:8      | Bought an amethyst-encrusted leather armour for 175 gold
                  | pieces
  9930 | D:8      | Identified the +1 leather armour "Pemadghig" {Harm} (You
                  | bought it in a shop on level 8 of the Dungeon)
  9933 | D:8      | Bought a shimmering ring mail for 225 gold pieces
  9933 | D:8      | Identified the +0 ring mail of the Komodo Dragon {rPois rF-
                  | Str+3 Dex+5} (You bought it in a shop on level 8 of the
                  | Dungeon)
 10002 | D:8      | Found Ivuv's Assorted Antiques.
 10096 | D:8      | Found the +16 obsidian axe {drain, demonic, Mesm Drain Fly
                  | SInv}
 10151 | D:8      | Noticed a cyclops
 10160 | D:8      | Killed a cyclops
 10351 | D:8      | Found a basalt altar of Yredelemnul.
 10401 | D:8      | Found Iduem's Antique Armour Boutique.
 10525 | D:8      | Noticed a two-headed ogre
 10532 | D:8      | Killed a two-headed ogre
 10588 | D:8      | Found Kiusiar's Distillery.
 11197 | D:9      | Found a snail-covered altar of Cheibriados.
 11361 | D:9      | Noticed a komodo dragon
 12008 | D:9      | Reached XP level 11. HP: 83/85 MP: 0/0
 12008 | D:9      | Learned a level 5 spell: Summon Mana Viper
 12388 | D:9      | Reached skill level 10 in Fighting
 12482 | D:9      | Found a staircase to the Lair.
 12731 | D:8      | Bought a potion of heal wounds for 75 gold pieces
 12731 | D:8      | Bought a potion of curing for 45 gold pieces
 12777 | Lair:1   | Entered Level 1 of the Lair of Beasts
 12933 | Lair:1   | Found a dark tunnel.
 12933 | Lair:1   | Noticed a lindwurm
 12942 | Volcano  | Entered a volcano
 13377 | Volcano  | Noticed a skeletal warrior
 13391 | Volcano  | Killed a skeletal warrior
 13392 | Volcano  | Reached skill level 10 in Spellcasting
 13426 | Volcano  | Noticed a skeletal warrior
 13437 | Volcano  | Killed a skeletal warrior
 13498 | Volcano  | Reached skill level 11 in Fighting
 13716 | Lair:1   | Killed a lindwurm
 13717 | Lair:1   | Reached XP level 12. HP: 63/94 MP: 0/0
 14356 | Lair:1   | Reached skill level 1 in Ranged Weapons
 15064 | D:8      | Bought 2 smoky black potions for 64 gold pieces
 15064 | D:8      | Bought a scroll of identify for 72 gold pieces
 15451 | Lair:2   | Noticed a five-headed hydra
 15461 | Lair:1   | Reached skill level 5 in Ranged Weapons
 15612 | Lair:2   | Noticed a death yak
 15615 | Lair:2   | Noticed a death yak
 15911 | Lair:2   | Found a hole to the Spider Nest.
 16019 | Lair:2   | Killed a five-headed hydra
 16171 | Lair:2   | Reached skill level 5 in Stealth
 16304 | Lair:3   | Noticed a death yak
 16304 | Lair:3   | Noticed a death yak
 16553 | Lair:2   | Reached XP level 13. HP: 96/99 MP: 0/0
 16553 | Lair:2   | Learned a level 5 spell: Fireball
 16717 | Lair:2   | Found a staircase to the Shoals.
 16724 | Lair:2   | Reached skill level 10 in Dodging
 17605 | Lair:3   | Reached skill level 5 in Shields
 17973 | Lair:3   | Reached ****** piety under Dithmenos
 18773 | Lair:3   | Found a blossoming altar of Fedhas.
 19491 | Lair:4   | Reached skill level 12 in Fighting
 19761 | Lair:4   | Reached skill level 1 in Evocations
 19972 | Lair:4   | Noticed a seven-headed hydra
 20312 | Lair:4   | Killed a seven-headed hydra
 20313 | Lair:4   | Reached XP level 14. HP: 92/107 MP: 0/0
 20714 | Lair:4   | Reached skill level 1 in Invocations
 21414 | Lair:5   | Entered Level 5 of the Lair of Beasts
 22278 | Lair:5   | Found a staircase to the Slime Pits.
 22318 | Lair:5   | Noticed Urug
 22327 | Lair:5   | Killed Urug
 23490 | Lair:5   | Found a one-way gate to the infinite horrors of the Abyss.
 23513 | Lair:5   | Reached skill level 13 in Fighting
 23873 | Lair:5   | Found a corrupted altar of Lugonu.
 24377 | Slime:1  | Entered Level 1 of the Pits of Slime
 24379 | Slime:1  | Noticed a quicksilver ooze
 24468 | Lair:5   | Reached XP level 15. HP: 96/114 MP: 0/0
 24468 | Lair:5   | Learned a level 6 spell: Simulacrum
 24603 | D:10     | Entered Level 10 of the Dungeon
 25192 | D:10     | Found Reviate's Antique Armour Boutique.
 25199 | D:10     | Bought a bloodstained robe for 182 gold pieces
 25199 | D:10     | Identified the +2 robe "Ceroclaj" {Will+ Dex+3} (You bought
                  | it in a shop on level 10 of the Dungeon)
 25313 | D:10     | Bought a faintly glowing robe for 182 gold pieces
 25313 | D:10     | Identified the +1 robe of Educki Raej {Fly Will- Dex+3}
                  | (You bought it in a shop on level 10 of the Dungeon)
 25320 | D:10     | Found a staircase to the Orcish Mines.
 25322 | D:10     | Found a runed translucent door.
 25322 | D:10     | Noticed Lobster4's ghost (journeyman TrGl)
 26642 | Orc:1    | Entered Level 1 of the Orcish Mines
 26869 | Orc:1    | Found a runed translucent door.
 26869 | Orc:1    | Found a shimmering altar of Xom.
 26869 | Orc:1    | Noticed Pimp's ghost (journeyman DrVM)
 27003 | Orc:2    | Entered Level 2 of the Orcish Mines
 27847 | Orc:2    | Found a staircase to the Elven Halls.
 28116 | Orc:2    | Reached skill level 14 in Fighting
 28635 | Orc:2    | Found Ocamotys's Antique Armour Shoppe.
 28679 | Orc:2    | Found Kuffaz Luyle's Antique Armour Boutique.
 28686 | Orc:2    | Found Udenet's Weapon Boutique.
 28688 | Orc:2    | Found Papsoluy's Antique Weapon Shoppe.
 28709 | Orc:2    | Bought a glowing cloak for 217 gold pieces
 28741 | Orc:2    | Bought a fine scale mail for 261 gold pieces
 28741 | Orc:2    | Identified the +1 scale mail "Hero's Friend" {Slay+2} (You
                  | bought it in a shop on level 2 of the Orcish Mines)
 28841 | D:10     | Bought a sheer robe for 182 gold pieces
 28841 | D:10     | Identified the +1 robe of Miracles {+Inv rC- Will+ Regen+}
                  | (You bought it in a shop on level 10 of the Dungeon)
 28922 | D:8      | Bought a potion of curing for 45 gold pieces
 30188 | D:13     | Identified a scroll of acquirement
 30188 | D:13     | Acquired a manual of Spellcasting
 30644 | D:13     | Noticed an ironbound preserver
 30663 | D:13     | Killed an ironbound preserver
 31581 | D:13     | Found a gate to the Vaults.
 31621 | D:13     | Reached XP level 16. HP: 115/124 MP: 0/0
 32469 | D:14     | Noticed Agnes
 32479 | D:14     | Killed Agnes
 32480 | D:14     | Reached skill level 15 in Spellcasting
 34475 | D:15     | Entered Level 15 of the Dungeon
 35294 | D:15     | Reached skill level 15 in Fighting
 35305 | D:15     | Noticed Josephine
 35315 | D:15     | Killed Josephine
 35664 | D:15     | Noticed Jorgrun
 35674 | D:15     | Killed Jorgrun
 35862 | D:15     | Found a staircase to the Depths.
 37157 | Shoals:1 | Entered Level 1 of the Shoals
 37157 | Shoals:1 | Noticed Mlioglotl
 37161 | Shoals:1 | Reached skill level 16 in Fighting
 37458 | Lair:2   | Found a hole to the Spider Nest.
 37781 | Lair:2   | Noticed a lich
 37784 | Lair:2   | Noticed a bone dragon
 38156 | Lair:2   | Found a staircase to the Shoals.
 38276 | Lair:2   | Killed Mlioglotl
 38277 | Lair:2   | Reached XP level 17. HP: 62/133 MP: 0/0
 38277 | Lair:2   | Learned a level 6 spell: Summon Cactus Giant
 38581 | Spider:1 | Entered Level 1 of the Spider Nest
 39305 | Spider:1 | Noticed Azrael
 39315 | Spider:1 | Killed Azrael
 39378 | Spider:1 | Noticed Rupert
 39390 | Spider:1 | Killed Rupert
 39393 | Spider:1 | Noticed Asterion
 39404 | Spider:1 | Killed Asterion
 39960 | Spider:1 | Reached skill level 17 in Fighting
 42223 | Spider:2 | Reached skill level 18 in Fighting
 43487 | Spider:3 | Blown up by a sun moth

Illustrated notes

Levels and vault maps discovered:
D:1:      psy_arrival_whirlpool, layout_rooms, shapermc_ecumenical_altar_petra
D:2:      layout_basic, basic_altar, minmay_nonomino_d4, uniq_robin
D:3:      layout_basic, portal_sewer_entry_f, hangedman_feature_mirror
D:4:      layout_cave_pods, nicolae_dithmenos_shadow_blocks,
          makhleb_blood_cavern_becter, uniq_sigmund, uniq_duvessa
D:5:      layout_basic, serial_shops, kennysheep_mini
D:6:      layout_basic, chequers_ossuary_entry_cave,
          chequers_serial_rivers_marsh, kennysheep_generic_room_11
D:7:      layout_loops_ring, nicolae_overflows_in_rows, temple_fountains
D:8:      layout_basic, mainiacjoe_overflow_tiny_flanked, serial_shops,
          nicolae_shop_behind_doors, shop, shop, nicolae_shop_advertising_works
          [nicolae_subvault_shop_adworks], enter_bailey_3,
          dreamdust_deal_with_the_devil, uniq_prince_ribbit1
D:9:      layout_gridville, kennysheep_slug_shrine,
          grunt_lair_entry_orc_guard_hut
D:10:     layout_rooms, orc_0_dummy, hellmonk_ghost_happy_afterlife,
          serial_shops, nicolae_shop_waterfront
D:11:     layout_roguey
D:12:     layout_cave_pools
D:13:     layout_rooms, skrybe_vaults_entry_preservation,
          portal_ice_cave_entry_animals_and_master, elves_outpost_lemuel
D:14:     layout_irregular_city, nicolae_sextant, gauntlet_entry_generic,
          uniq_agnes
D:15:     hangedman_depths_entry_civil_slaughter, layout_irregular_city,
          grunt_decor_one_mirror, uniq_josephine, uniq_jorgrun
Lair:1:   beast_lair_carwin_large_1, layout_regular_city,
          nicolae_volcano_entry_vermiform
Lair:2:   layout_regular_city, elwin_shoals_entry_rooms,
          nicolae_spider_entry_tight_spaces, chequers_serial_rivers_room_b
Lair:3:   layout_cave_pods, wad_woods_road_03, tgw_fedhas
Lair:4:   layout_cave_pods, hangedman_lair_generics_rect, grunt_megastairs_3
Lair:5:   hellmonk_lair_end_abyssal_woods, layout_cave_pods,
          dpeg_slime_entry_corner, lemuel_fruit_tree, uniq_urug
Shoals:1: layout_shoals, uniq_aizul, uniq_mlioglotl
Spider:1: layout_spider_delve, hellmonk_test_site, uniq_rupert, uniq_asterion,
          uniq_azrael
Spider:2: layout_spider_delve, guppyfry_hornet_nest
Spider:3: layout_spider_delve, nicolae_spider_webbed_stairs
Slime:1:  layout_caves, cheibrodos_slime_lost_civilization_4
Orc:1:    layout_diamond_mine, ebering_ghost_xom
Orc:2:    st_orc_elflike, layout_caves, basic_altar

Skill      XL: |  1  2  3  4  5  6  7  8  9 10 11 12 13 14 15 16 17 |
---------------+----------------------------------------------------+-----
Fighting       | 1 2 3 4 5 7 8 9 11 12 13 14 16 18 | 18.7
Spellcasting   | 4 5 6 8 10 11 12 14 16 | 16.4
Dodging        | 8 9 10 12 | 12.6
Ranged Weapons | 5 |  5.0
Stealth        | 5 |  5.0
Shields        | 5 |  5.0
Evocations     | 3 4 |  4.0
Invocations    | 4 |  4.4

Action                     |  1- 3 |  4- 6 |  7- 9 | 10-12 | 13-15 | 16-18 || total
---------------------------+-------+-------+-------+-------+-------+-------++-------
   Fire: Sling             |       |     1 |    78 |    31 |       |       ||   110
         Hand crossbow     |       |       |       |    80 |   331 |   162 ||   573
   Cast: Magic Dart        |    61 |   109 |   103 |    68 |       |       ||   341
         Searing Ray       |     3 |    10 |    52 |    49 |     8 |       ||   122
         Vampiric Draining |       |       |     6 |    22 |    75 |    92 ||   195
         Dazzling Flash    |       |       |     5 |     3 |     4 |     1 ||    13
         Fulminant Prism   |       |       |     5 |    18 |    10 |     2 ||    35
         Scorch            |       |       |     8 |     7 |     1 |    24 ||    40
         Summon Mana Viper |       |       |       |    42 |    72 |    74 ||   188
         Iskenderun's Myst |       |       |       |     1 |     9 |     1 ||    11
         Fireball          |       |       |       |       |   148 |    44 ||   192
         Simulacrum        |       |       |       |       |     8 |    22 ||    30
         Summon Cactus Gia |       |       |       |       |       |    32 ||    32
  Evoke: Wand              |       |       |     1 |     9 |     6 |     3 ||    19
         Lightning rod     |       |       |       |       |     9 |     4 ||    13
         Phial of floods   |       |       |       |       |     1 |     2 ||     3
         Condenser vane    |       |       |       |       |       |     1 ||     1
    Use: Scroll            |       |       |    22 |     9 |     8 |     7 ||    46
         Potion            |       |       |       |       |     3 |     9 ||    12
 Armour: Robe              |     1 |     7 |    26 |       |     9 |    51 ||    94
         Steam dragon scal |       |       |    10 |    49 |    45 |       ||   104
  Dodge: Dodged            |     8 |    33 |   124 |   248 |   228 |   272 ||   913
  Block: Other             |       |       |       |    55 |       |       ||    55
         Reflection        |       |       |       |     2 |    13 |    14 ||    29
         Buckler           |       |       |       |     7 |   140 |    98 ||   245
         Kite shield       |       |       |       |       |       |   111 ||   111

Table legend: (Time is in decaauts)
 A = Elapsed time spent in this place.
 B = Non-inter-level travel time spent in this place.
 C = Inter-level travel time spent in this place.
 D = Time resting spent in this place.
 E = Time spent auto-exploring this place.
 F = Levels seen in this place.
 G = Mean time per level.
                   A        B        C        D        E       F      G
               +--------+--------+--------+--------+--------+-----+--------+
         Total |  43996 |  41516 |   2480 |  16974 |  17709 |  30 | 1466.5 |
       Dungeon |  21771 |  20286 |   1485 |   8256 |   8829 |  15 | 1451.4 |
          Lair |  12708 |  11931 |    777 |   4980 |   5113 |   5 | 2541.6 |
        Shoals |      4 |      4 |      0 |      0 |      0 |   1 |    4.0 |
   Spider Nest |   4893 |   4800 |     93 |   2252 |   1730 |   3 | 1631.0 |
    Slime Pits |      3 |      3 |      0 |      0 |      0 |   1 |    3.0 |
  Orcish Mines |   2111 |   1986 |    125 |    594 |    889 |   2 | 1055.5 |
         Sewer |   1149 |   1149 |      0 |    424 |    554 |   1 | 1149.0 |
       Ossuary |    590 |    590 |      0 |    271 |    214 |   1 |  590.0 |
       Volcano |    762 |    762 |      0 |    197 |    380 |   1 |  762.0 |
               +--------+--------+--------+--------+--------+-----+--------+

Top non-repeatable levels by time:
  Lair:2: 3052 daAuts
  Lair:5: 2992 daAuts
Spider:1: 2892 daAuts
    D:14: 2566 daAuts
  Lair:3: 2440 daAuts
  Lair:1: 2269 daAuts
     D:9: 2110 daAuts
    D:15: 2042 daAuts
  Lair:4: 1953 daAuts
Spider:2: 1944 daAuts
    D:13: 1934 daAuts
   Orc:2: 1680 daAuts
     D:4: 1639 daAuts
    D:12: 1489 daAuts
     D:7: 1378 daAuts
